Unix NetHack Version 3.7.0-94 Work-in-progress - last build Dec 13 2023 01:40:03 (eb5afe49d650b6f5c6196fad733e3b2b9fb6c025,branch:master). Game began 2023-12-14 10:04:54, ended 2023-12-14 12:57:33. elenmirie, neutral female human Priestess --------------------------------- |...............................| |...-----------.------...------.| |...-....| |.-.(((|...|".!.|.| |.%%|....| |.|..((|...|!***).| ....|....| +.|..((|...|**..|.| ------- |...|----------.------...------.| |...)..### 0 |...|%%%|....|....{.)......)....| |..>..| ##########|...|%.%|._..|......%----|-----.+ ------ |....^| #|...|...|....|.......|..|..|..|.| .....| -----.- ####-...|...|....|{.........|..|..|.| |....| ------- ## ####|...-|------|-.......-.+-----|-.| #......###(#|)^...| # ## #|...............................| #------ #......| ### ## #|......--|-|--.......----|-----.| # |.....| -----.--##### #|......|..|..|.......-..|..|..|.| ### |.....| |.......# # #|......|..|..|.......|..|..|..-.| ##### |.....| |......|# #--------------------------------- # ------- |...<... ###########d@u####################### -------- Elenmirie the Adept St:14 Dx:13 Co:16 In:11 Wi:17 Ch:9 Neutral Dlvl:6 $:0 HP:0(52) Pw:3(101) AC:1 Xp:7/921 T:5177 Latest messages: What do you want to wear? [T or ?*] T You finish your dressing maneuver. What do you want to call? [ntv-zCDF-ILNQ-V or ?*] ? Call a pair of fencing gloves: leather V - an uncursed potion of extra healing. You hear the chime of a cash register. C - an uncursed potion of levitation. w - an uncursed oilskin sack containing 1 item. What do you want to use or apply? [impwxBGHOS or ?*] w You put a blessed scroll called ID into the oilskin sack. You put 2 uncursed scrolls called ID into the oilskin sack. You put 2 uncursed scrolls of amnesia into the oilskin sack. You put an uncursed scroll of enchant armor into the oilskin sack. You put an uncursed scroll of genocide into the oilskin sack. You put an uncursed scroll of magic mapping into the oilskin sack. You put 2 uncursed scrolls of taming into the oilskin sack. You put 2 uncursed scrolls of teleportation into the oilskin sack. You put a cursed scroll of teleportation into the oilskin sack. You put an uncursed potion called conf into the oilskin sack. You put an uncursed potion of extra healing into the oilskin sack. You put an uncursed potion of levitation into the oilskin sack. You put 4 potions of holy water into the oilskin sack. You put 2 uncursed potions of water into the oilskin sack. Really save? [yn] (n) y Saving... Restoring save file... Hello elenmirie, the human Priestess, welcome back to NetHack! Be careful! New moon tonight. You swap places with Yermak. You hear someone cursing shoplifters. You hear bubbling water. The black unicorn misses! The black unicorn kicks! The black unicorn just misses! The black unicorn kicks! You miss the black unicorn. The black unicorn butts! The black unicorn kicks! The black unicorn butts! The black unicorn kicks! You hit the black unicorn! The black unicorn butts! The black unicorn kicks! The black unicorn butts! You die... Do you want your possessions identified? [ynq] (y) y Do you want to see your attributes? [ynq] (y) y Do you want an account of creatures vanquished? [ynaq] (y) y Do you want to see your conduct and achievements? [ynq] (y) y Do you want to see the dungeon overview? [ynq] (y) y Inventory: Weapons P - 29 uncursed +0 darts M - 6 uncursed poisoned +0 darts a - a blessed +1 mace (weapon in right hand) Armor N - an uncursed +0 elven leather helm (being worn) T - an uncursed +0 pair of leather gloves (being worn) r - an uncursed +0 pair of elven boots (being worn) c - a blessed +0 small shield (being worn) U - an uncursed +1 alchemy smock with text "Don't mess with the chef" b - a blessed +0 robe (being worn) q - a blessed +0 studded leather armor (being worn) Comestibles e - an uncursed clove of garlic l - 3 uncursed food rations f - an uncursed sprig of wolfsbane Rings I - an uncursed +2 ring of gain strength Q - a cursed -1 ring of gain strength v - a cursed ring of hunger o - an uncursed ring of levitation Wands B - an uncursed wand of create monster (0:10) O - an uncursed wand of digging (0:6) G - an uncursed wand of speed monster (0:2) Tools w - an uncursed oilskin sack containing 15 items m - a cursed blindfold i - an uncursed magic marker (0:21) p - an uncursed magic whistle x - an uncursed oil lamp S - an uncursed oil lamp H - an uncursed wax candle Contents of the oilskin sack: 630 gold pieces 2 uncursed scrolls of amnesia an uncursed scroll of enchant armor an uncursed scroll of genocide a blessed scroll of identify 2 uncursed scrolls of identify an uncursed scroll of magic mapping 2 uncursed scrolls of taming 2 uncursed scrolls of teleportation a cursed scroll of teleportation an uncursed potion of confusion an uncursed potion of extra healing an uncursed potion of levitation 4 potions of holy water 2 uncursed potions of water Elenmirie the Priestess's attributes: Background: You were an Adept, a level 7 human Priestess. You were neutral, on a mission for Ishtar who was opposed by Anu (lawful) and Anshar (chaotic). You were right-handed. You were in the Gnomish Mines, on level 6. You entered the dungeon 5177 turns ago. There was a new moon in effect when your adventure ended. You had 921 experience points, 359 more were needed to attain level 8. Basics: You had 0 out of 52 hit points. You had 3 out of 101 energy points (spell power). Your armor class was 1. Your wallet was empty, but you had 630 zorkmids stashed away in your pack. Autopickup was on for '$' plus thrown. Final Characteristics: Your strength was 14 (limit:18/100). Your dexterity was 13 (limit:18). Your constitution was 16 (limit:18). Your intelligence was 11 (limit:18). Your wisdom was 17 (limit:18). Your charisma was 9 (limit:18). Final Status: You weren't hungry. You were unencumbered. You were wielding a mace. You were skilled in mace and could have enhanced that. Final Attributes: You were piously aligned. You were poison resistant. You were stealthy. You were guarded. You are dead. Miscellaneous: You never encountered a bones level. Total elapsed playing time was 1 hour, 6 minutes and 12 seconds. Major events: Turn 1: elenmirie the neutral human Priestess entered the dungeon 813: entered the Gnomish Mines 972: attained the rank of Acolyte (level 3) 3158: attained the rank of Adept (level 6) 4286: reached Mine Town 5177: killed by a black unicorn Vanquished creatures: a large mimic a small mimic a watchman a quivering blob a snake 4 human zombies a bugbear a rock piercer a rock mole 2 yellow lights a shrieker a violet fungus 5 gnome leaders 3 gnomish wizards a golden naga hatchling a gray ooze a ghoul a straw golem 8 giant ants a little dog 8 dwarves a homunculus 14 hill orcs a rothe a centipede a giant bat a wererat an iguana 2 acid blobs 3 coyotes 2 hobbits 2 manes a large kobold a hobgoblin a giant rat 3 cave spiders 2 brown molds a green mold a red mold 36 gnomes 5 garter snakes 7 geckos 5 jackals 3 foxes 2 kobolds 3 goblins 3 sewer rats 2 grid bugs 7 lichens 2 kobold zombies 5 newts 164 creatures vanquished. No species were genocided or became extinct. Voluntary challenges: You read items or engraved 2 times. You never engraved Elbereth. You never genocided any monsters. You never polymorphed an object. You never changed form. You used no wishes. Achievements: You entered a shop. You entered the Gnomish Mines. You attained the rank of Acolyte. You attained the rank of Adept. You entered Minetown. You entered a temple. The Dungeons of Doom: levels 1 to 5 Level 1: Level 2: A delicatessen, a fountain. Stairs down to The Gnomish Mines. Level 3: An armor shop, a sink. Level 4: Some fountains, a tree. Level 5: Many fountains. Oracle of Delphi. The Gnomish Mines: levels 3 to 6 Level 3: Level 4: Level 5: Level 6: <- You were here. Many shops, a temple and an altar to Ishtar, some fountains. Final resting place for you, killed by a black unicorn. Game over: ---------- / \ / REST \ / IN \ / PEACE \ / \ | elenmirie | | 630 Au | | killed by a | | black unicorn | | | | | | 2023 | *| * * * | * _________)/\\_//(\/(/\)/\//\/|_)_______ Goodbye elenmirie the Priestess... You died in The Gnomish Mines on dungeon level 6 with 4511 points, and 630 pieces of gold, after 5177 moves. You were level 7 with a maximum of 52 hit points when you died.